 Dungeon Crawl Stone Soup version 0.31-a0-236-g9a0961fb85 (webtiles) character file.

Game seed: 4771251646415394305

16 Nietzsche the Cudgeller (level 2, 0/22 HPs)
             Began as a Demonspawn Gladiator on July 10, 2023.
             Slain by a worm (9 damage)
             ... on level 2 of the Dungeon.
             The game lasted 00:01:41 (1046 turns).

Nietzsche the Cudgeller (Demonspawn Gladiator)      Turns: 1046, Time: 00:01:42

Health: 0/22       AC:  4    Str: 14    XL:     2   Next: 41%
Magic:  3/3        EV: 12    Int:  9    God:
Gold:   131        SH:  0    Dex: 14    Spells: 3/3 levels left

rFire   . . .        a - +0 flail
rCold   . . .        (no shield)
rNeg    . . .        b - +0 leather armour
rPois   .            c - +0 helmet
rElec   .            (no cloak)
rCorr   .            (no gloves)
SInv    .            (no boots)
Will    .....        (no amulet)
Stlth   +            (no ring)
HPRegen 0.23/turn    (no ring)
MPRegen 0.08/turn

%: no passive effects
@: no status effects
A: demonic magic 1
a: no special abilities


You were on level 2 of the Dungeon.
You visited 1 branch of the dungeon, and saw 2 of its levels.

You collected 131 gold pieces.

Inventory:

Hand Weapons
 a - a +0 flail (weapon)
 h - a +1 mace of venom
Missiles
 d - 3 throwing nets (quivered)
 e - a javelin
Armour
 b - a +0 leather armour (worn)
 c - a +0 helmet (worn)
Scrolls
 f - a scroll of teleportation {unknown}
 j - a scroll of revelation {unknown}
Potions
 g - a potion of might {unknown}
 i - a potion of lignification {unknown}


   Skills:
 + Level 2.0 Fighting
 + Level 3.0 Maces & Flails
 - Level 1.7 Throwing
 + Level 3.0 Dodging
 * Level 1.0 Spellcasting


You had 3 spell levels left.
You didn't know any spells.
Your spell library contained the following spells:

 Spells                   Type           Power      Damage    Failure   Level
 Lesser Beckoning         Tloc           0%         N/A       56%         2
 Gell's Gravitas          Tloc           0%         N/A       80%         3
 Teleport Other           Tloc           0%         N/A       80%         3


Dungeon Overview and Level Annotations

Branches:
Dungeon (2/15)

Altars:


Innate Abilities, Weirdness & Mutations

Spells you cast may paralyse adjacent enemies.


Message History

The jackal bites you but does no damage.
You barely miss the frilled lizard.
The frilled lizard bites you but does no damage.
The jackal bites you but does no damage.
You closely miss the frilled lizard. The jackal barely misses you.
The frilled lizard completely misses you.
The jackal barely misses you.
The frilled lizard bites you but does no damage.
You barely miss the frilled lizard. The jackal bites you.
The jackal pauses to sniff the ground.
The frilled lizard bites you. The worm barely misses you.
The jackal closely misses you.
You sock the frilled lizard!
You kill the frilled lizard!
The jackal bites you but does no damage.
The worm bites you.
Your Dodging skill increases to level 3!
You closely miss the jackal.
The jackal bites you but does no damage.
The jackal barely misses you. x2
You barely miss the jackal. The jackal misses you. The worm closely misses you.
You hit the jackal.
The jackal is lightly wounded.
The jackal completely misses you.
The jackal bites you but does no damage.
The worm bites you.
The jackal bites you but does no damage.
You barely miss the jackal.
The jackal is lightly wounded.
The jackal bites you but does no damage. x3
The worm misses you.
You completely miss the jackal.
The jackal is lightly wounded.
The jackal bites you. x2; The jackal barely misses you.
The jackal closely misses you.
You hit the jackal.
The jackal is almost dead.
The jackal bites you but does no damage.
The jackal closely misses you. The worm bites you!
You die...

... ..... #.#
#........ #..#
#.......#
###..####........#
........)........#
#####..)##........
###.<#.......#
##.#hw.....#
#hh@..### #####.#
#


You could see a worm and 3 jackals.

Vanquished Creatures
  An endoplasm (D:1)
  2 giant cockroaches (D:1)
  A goblin (D:1)
  4 kobolds
  2 ball pythons (D:1)
  7 frilled lizards
17 creatures vanquished.

Notes
Turn   | Place    | Note
-------+----------+-------------------------------------------
     0 | D:1      | Nietzsche the Demonspawn Gladiator began the quest for the
                  | Orb.
     0 | D:1      | Reached XP level 1. HP: 16/16 MP: 1/1
   748 | D:1      | Gained mutation: Spells you cast may paralyse adjacent
                  | enemies. [demonic ancestry]
   748 | D:1      | Reached XP level 2. HP: 22/22 MP: 3/3
   906 | D:1      | Reached skill level 1 in Spellcasting
  1046 | D:2      | Slain by a worm

Illustrated notes

Levels and vault maps discovered:
D:1:      evilmike_arrival_plus, layout_basic, minivault_4,
          minmay_gold_behind_fungi, nrook_mini_vaults, minmay_lizard_pond
D:2:      layout_rooms, serial_shops, nicolae_shop_tiny_waterfront,
          nicolae_shop_trees, nicolae_shop_pleasant_corner_grove,
          nicolae_square_shop, glass_columns_a

Skill      XL: |  1  2 |
---------------+-------+-----
Spellcasting   | 1 |  1.0
Maces & Flails | 3 |  3.0
Dodging        | 3 |  3.0
Fighting       | |  2.0
Throwing       | |  1.7

Action                     || total
---------------------------++-------
  Melee: Flail             ||   104
         Punch             ||     1
   Stab: Sleeping          ||     1
 Armour: Leather armour    ||    40
  Dodge: Dodged            ||    56

Table legend: (Time is in decaauts)
 A = Elapsed time spent in this place.
 B = Non-inter-level travel time spent in this place.
 C = Inter-level travel time spent in this place.
 D = Time resting spent in this place.
 E = Time spent auto-exploring this place.
 F = Levels seen in this place.
 G = Mean time per level.
                   A        B        C        D        E       F      G
               +--------+--------+--------+--------+--------+-----+--------+
         Total |   1073 |   1043 |     30 |      0 |    797 |   2 |  536.5 |
       Dungeon |   1073 |   1043 |     30 |      0 |    797 |   2 |  536.5 |
               +--------+--------+--------+--------+--------+-----+--------+

Top non-repeatable levels by time:
     D:1: 1037 daAuts
     D:2: 35 daAuts
